Map: Ascension to Aiur LE

Players

Lillekanin

  • Race: Terran Terran
  • Spawn Location: 5:00

Stephano - Winner!

  • Race: Zerg Zerg
  • Spawn Location: 11:00

Event: WCS Jonkoping 2017

VOD

Have the link to the VOD?

Description

Time

  • Played on: June 17, 2017, 10:16 a.m.
  • Length: 35:00

All games in this series

Show
View Real Time Build Order
Export as new Build Order

Lillekanin Terran 

Build Orders: Reaper Expand, Mech, Banshee Rush 

Get SALT Encoding   

  12  0:00  SCV  
  13  0:12  SCV  
  14  0:17  Supply Depot  
  14  0:25  SCV  
  15  0:28  Refinery  
  15  0:39  SCV  
  16  0:45  Barracks  
  16  0:51  SCV  
  17  1:03  SCV  
  18  1:15  SCV  
  19  1:31  Orbital Command  
  19  1:32  Reaper  
  20  1:48  Command Center  
  20  1:55  Bunker  
  20  1:57  SCV  
  21  2:10  Barracks Reactor  
  21  2:11  Factory  
  21  2:15  SCV  
  22  2:18  Supply Depot  
  22  2:22  Refinery  
  22  2:27  SCV  
  23  2:40  SCV  
  24  2:52  SCV  
  25  2:58  Starport  
  25  3:00  Orbital Command  
  25  3:02  Hellion  
  25  3:03  Hellion  
  25  3:04  SCV  
  30  3:09  Barracks Tech Lab  
  30  3:13  Supply Depot  
  30  3:16  SCV  
  31  3:26  Hellion  
  31  3:27  Hellion  
  35  3:28  SCV  
  36  3:34  SCV  
  36  3:40  SCV  
  38  3:43  Medivac, Cloaking Field  
  38  3:46  Marine, SCV  
  42  3:52  SCV  
  42  3:53  Supply Depot  
  43  3:58  SCV  
  44  4:07  SCV  
  45  4:12  Command Center  
  45  4:15  Banshee  
  48  4:21  Supply Depot  
  48  4:22  SCV  
  49  4:25  SCV  
  49  4:27  Hellion  
  52  4:35  Refinery x2  
  52  4:37  SCV, Armory  
  53  4:39  SCV  
  54  4:49  Barracks Tech Lab, SCV  
  55  4:53  Factory  
  55  4:58  SCV, Factory  
  56  5:02  SCV  
  56  5:03  Banshee  
  60  5:10  SCV  
  60  5:14  SCV  
  62  5:16  Barracks Reactor  
  62  5:22  SCV  
  62  5:24  Hellion x2  
  62  5:25  Terran Vehicle Weapons Level 1  
  62  5:26  SCV  
  62  5:28  Supply Depot  
  68  5:33  Orbital Command  
  68  5:54  Thor  
  74  6:01  Thor  
  74  6:02  Medivac  
  82  6:07  Hellion x2, SCV  
  82  6:08  SCV  
  88  6:12  Orbital Command  
  88  6:18  Medivac  
  88  6:19  SCV  
  88  6:20  SCV  
  88  6:25  Supply Depot  
  92  6:27  Engineering Bay  
  92  6:32  SCV  
  93  6:39  Supply Depot  
  93  6:40  Supply Depot  
  96  6:47  Siege Tank, SCV x3  
  96  6:54  Siege Tank  
  100  6:59  SCV  
  100  7:00  SCV x2  
  100  7:01  Hellion x5  
  107  7:06  Hellion x2  
  107  7:11  SCV  
  107  7:12  SCV  
  107  7:18  SCV  
  107  7:19  Siege Tank  
  107  7:20  Factory x2, Armory  
  107  7:22  Hellion, Refinery  
  113  7:23  SCV, Refinery  
  113  7:25  SCV  
  115  7:31  SCV  
  115  7:35  Terran Vehicle Weapons Level 2  
  115  7:36  SCV  
  115  7:37  SCV  
  115  7:39  Command Center  
  115  7:43  Siege Tank, SCV  
  116  7:47  Hellion  
  116  7:48  SCV  
  116  7:49  Hellion  
  116  7:51  SCV  
  116  7:53  Hellion  
  116  8:02  SCV, Viking  
  116  8:04  Viking  
  117  8:11  Hellion  
  117  8:14  Supply Depot  
  117  8:15  Terran Vehicle And Ship Armor Level 1  
  117  8:17  Siege Tank  
  117  8:18  Supply Depot  
  117  8:19  Supply Depot x2  
  122  8:22  Factory Reactor  
  122  8:23  Factory Tech Lab  
  122  8:25  Siege Tank  
  121  8:28  Missile Turret  
  121  8:35  Missile Turret  
  121  8:36  Sensor Tower, Missile Turret  
  121  8:38  Missile Turret  
  121  8:39  Hellion x2  
  125  8:41  Siege Tank  
  128  8:49  Hellion  
  126  8:57  Hellion, SCV  
  126  9:00  Hellion x3  
  129  9:03  Hellion  
  129  9:06  Viking  
  131  9:10  Siege Tank  
  131  9:13  Siege Tank  
  131  9:15  Infernal Pre-Igniter  
  137  9:18  Hellion  
  137  9:21  Hellion  
  137  9:22  Hellion  
  143  9:29  SCV, Refinery  
  144  9:33  SCV  
  144  9:36  Hellion x2  
  149  9:38  Refinery  
  149  9:39  Siege Tank  
  149  9:42  Siege Tank, Missile Turret  
  149  9:43  Hellion  
  157  9:46  Hellion x4  
  157  9:47  SCV  
  157  9:50  Siege Tank  
  161  9:54  Planetary Fortress  
  155  10:00  SCV  
  155  10:01  Missile Turret  
  155  10:02  Hellion, SCV  
  155  10:04  Missile Turret  
  159  10:09  Hellion  
  159  10:10  SCV  
  159  10:11  Siege Tank  
  159  10:12  SCV  
  162  10:14  Siege Tank, SCV  
  162  10:19  Viking  
  164  10:22  Siege Tank  
  164  10:23  Hellion  
  164  10:28  Terran Vehicle And Ship Armor Level 2  
  167  10:34  SCV, Missile Turret  
  168  10:36  Missile Turret  
  168  10:38  SCV x3  
  168  10:41  Sensor Tower  
  169  10:44  Siege Tank  
  169  10:47  Supply Depot  
  169  10:48  Terran Vehicle Weapons Level 3  
  172  10:50  Supply Depot  
  172  10:51  Siege Tank, SCV x2  
  177  11:00  Hellion  
  173  11:14  Viking x2  
  175  11:18  Thor x2  
  175  11:21  Hellion x3  
  175  11:22  Hellion, Starport  
  175  11:23  Starport  
  193  11:38  Command Center  
  193  11:44  Starport  
  193  11:46  Cyclone  
  196  11:55  Viking  
  196  11:56  Supply Depot  
  196  11:59  Cyclone, Starport Tech Lab x2  
  195  12:12  Building Armor  
  195  12:20  Corvid Reactor  
  195  12:21  Recalibrated Explosives, Raven  
  195  12:22  Raven  
  193  12:28  Thor  
  193  12:35  Hellion  
  189  12:46  Missile Turret  
  189  12:52  Viking  
  189  12:53  Viking x2  
  189  12:54  Terran Vehicle And Ship Armor Level 3  
  195  13:12  Raven  
  196  13:19  Raven  
  183  13:25  Terran Ship Weapons Level 1  
  175  13:27  Thor  
  180  13:50  Supply Depot  
  180  13:54  Starport Tech Lab  
  180  13:55  Raven  
  182  13:56  Hi-Sec Auto Tracking  
  182  13:58  Command Center  
  182  14:00  Command Center  
  182  14:05  Raven  
  184  14:10  Hellion x2  
  184  14:11  Hellion x3  
  194  14:20  Missile Turret  
  194  14:22  Missile Turret  
  194  14:23  Missile Turret  
  194  14:26  Raven  
  195  14:37  Raven  
  197  14:42  Siege Tank  
  197  14:44  Missile Turret  
  197  14:45  Missile Turret  
  200  14:46  Missile Turret  
  200  15:09  Raven  
  190  15:33  Thor x2  
  200  15:43  Planetary Fortress  
  200  15:47  Orbital Command  
  200  15:55  Command Center  
  200  16:02  Refinery  
  185  16:25  Missile Turret  
  185  16:26  Missile Turret x2  
  185  16:28  Thor  
  185  16:30  Raven x2  
  185  16:31  Raven  
  185  16:32  Terran Ship Weapons Level 2  
  195  16:40  Missile Turret  
  195  16:41  Missile Turret  
  195  16:48  Planetary Fortress  
  195  17:01  Refinery  
  195  17:02  Missile Turret  
  195  17:04  Missile Turret  
  195  17:05  Missile Turret  
  195  17:13  Raven x2  
  199  17:19  Hyperflight Rotors  
  182  17:34  Hellion x4  
  182  17:35  Hellion x3  
  190  17:38  Orbital Command  
  190  17:40  Command Center  
  190  17:55  Hellion  
  190  17:56  Thor  
  198  18:01  Missile Turret  
  198  18:02  Missile Turret  
  198  18:08  Starport  
  198  18:15  Missile Turret  
  194  18:22  Sensor Tower  
  194  18:23  Thor  
  179  18:27  Siege Tank  
  179  18:31  Hellion x3  
  179  18:32  Hellion  
  187  18:39  Hellion, Sensor Tower, Missile Turret  
  189  18:53  Hellion x3  
  195  18:55  Terran Ship Weapons Level 3  
  195  18:57  Starport Tech Lab  
  178  19:15  Thor  
  178  19:17  Hellion x3  
  190  19:25  Siege Tank  
  193  19:35  Missile Turret  
  192  19:42  Missile Turret  
  192  19:43  Missile Turret  
  192  19:44  Raven  
  192  19:59  Thor  
  186  20:01  Hellion x2  
  184  20:10  Refinery  
  184  20:11  Refinery  
  184  20:16  Siege Tank, Command Center  
  184  20:17  Hellion x3  
  193  20:22  Hellion x2  
  197  20:29  Missile Turret  
  197  20:32  Missile Turret  
  197  20:34  Missile Turret  
  197  20:39  Hellion  
  199  20:44  Missile Turret  
  199  20:52  Command Center  
  199  20:53  Missile Turret  
  181  21:35  Planetary Fortress  
  181  21:37  Raven x2  
  184  22:06  Hellion  
  184  22:07  Hellion x2  
  184  22:09  Hellion x2  
  184  22:12  Siege Tank x2  
  186  22:27  Missile Turret x2  
  186  22:30  Siege Tank  
  187  22:44  Siege Tank x2  
  187  22:48  Missile Turret  
  187  22:49  SCV x2  
  193  22:58  Raven x2  
  197  23:11  Missile Turret  
  197  23:12  Missile Turret  
  191  23:18  Raven  
  188  23:27  Hellion  
  188  23:28  Hellion x2  
  192  23:38  Raven  
  192  23:40  Hellion x2, Raven  
  198  23:49  Raven  
  191  24:09  Thor  
  193  24:10  Hellion x2  
  197  24:17  SCV x2  
  169  24:46  Siege Tank  
  169  24:47  Hellion x2  
  169  24:49  SCV x3  
  164  25:14  Thor  
  155  25:28  Orbital Command  
  155  25:32  Refinery  
  153  25:37  Raven  
  153  25:42  SCV x2  
  157  25:45  Raven  
  159  25:54  Hellion x3  
  164  26:00  Viking  
  153  26:14  Hellion x2  
  143  26:22  Hellion  
  143  26:32  Refinery  
  143  26:35  SCV x3  
  143  26:36  SCV  
  143  26:38  SCV  
  148  27:01  Thor  
  139  27:02  SCV, Raven  
  139  27:03  SCV  
  139  27:04  SCV x4  
  147  27:32  Thor  
  147  27:35  Hellion x4  
  161  27:41  Hellion  
  160  27:51  Hellion  
  162  27:56  Hellion  
  164  27:58  Refinery  
  164  27:59  Refinery  
  164  28:05  Cyclone x2  
  170  28:06  Hellion  
  170  28:07  Hellion x5  
  170  28:16  Hellion x2  
  170  28:22  Hellion x3  
  173  28:33  Viking x2  
  175  28:37  Hellion x2  
  144  29:03  Hellion  
  144  29:15  Refinery  
  144  29:16  Hellion x2  
  146  29:18  Hellion  
  146  29:19  Hellion x2, SCV x2  
  146  29:24  Hellion  
  146  29:39  Orbital Command  
  146  29:40  Siege Tank, Hellion  
  149  29:47  Cyclone  
  150  29:53  Raven  
  102  30:14  Siege Tank  
  102  30:15  Hellion  
  70  30:24  Banshee  
  70  30:26  Banshee  
  54  30:48  Raven x2  
  54  30:54  Hellion  
  53  31:09  SCV x4  
  57  31:18  SCV x2  
  51  31:27  SCV  
  51  31:29  Cyclone  
  51  31:30  SCV x2  
  56  31:50  SCV  
  56  31:51  SCV  
  56  31:53  SCV x2  
  57  31:56  Planetary Fortress  
  57  31:57  SCV x2  
  56  32:02  SCV  
  56  32:03  SCV  
  56  32:04  Orbital Command  
  56  32:05  SCV  
  57  32:18  Banshee  
  57  32:20  Hellion  
  62  32:35  Refinery  
  55  32:46  SCV  
  56  32:52  Hellion x3  
  56  32:53  SCV x2  
  56  32:55  Refinery, Banshee  
  56  32:57  Refinery  
  65  33:08  Banshee  
  68  33:16  SCV  
  68  33:19  SCV x2  
  63  33:32  SCV, Banshee  
  63  33:33  SCV x2  
  60  33:34  Widow Mine  
  60  33:35  Widow Mine  
  60  34:01  Hellion x2  
  60  34:02  Hellion x2  
  55  34:08  Widow Mine x2  
  54  34:34  SCV x2  
  57  34:44  SCV  
Show
View Real Time Build Order
Export as new Build Order

Stephano Zerg - Winner!

Build Orders: Hatch First 

Get SALT Encoding   

  12  0:00  Drone  
  13  0:12  Overlord  
  13  0:17  Drone  
  14  0:30  Drone  
  14  0:31  Drone  
  14  0:34  Drone  
  17  0:52  Hatchery  
  17  0:54  Drone  
  17  0:57  Drone  
  18  1:08  Extractor  
  17  1:12  Spawning Pool  
  17  1:15  Drone  
  17  1:19  Drone  
  18  1:28  Drone  
  19  1:39  Overlord  
  19  1:59  Queen  
  19  2:00  Zergling x4  
  23  2:03  Queen  
  25  2:09  Metabolic Boost  
  25  2:11  Drone x2  
  25  2:15  Drone  
  28  2:23  Drone  
  29  2:38  Extractor  
  29  2:39  Queen  
  29  2:41  Drone  
  32  2:45  Hatchery  
  32  2:51  Overlord  
  31  2:53  Drone  
  31  2:54  Drone  
  31  2:56  Drone  
  34  3:00  Drone  
  34  3:04  Overlord  
  35  3:08  Drone  
  36  3:13  Drone x3  
  36  3:14  Drone  
  36  3:17  Drone  
  41  3:22  Queen  
  43  3:27  Drone  
  43  3:29  Queen  
  43  3:32  Drone  
  43  3:33  Drone  
  48  3:36  Overlord  
  48  3:42  Drone  
  48  3:44  Drone  
  48  3:45  Drone  
  48  3:46  Overlord  
  51  3:53  Overlord  
  51  3:57  Queen, Drone x2  
  51  3:59  Zergling x2  
  51  4:01  Zergling x2  
  57  4:04  Zergling x2  
  57  4:07  Queen  
  57  4:09  Spore Crawler  
  59  4:10  Drone  
  59  4:14  Spore Crawler  
  59  4:19  Spore Crawler, Drone x2  
  59  4:23  Queen  
  62  4:26  Overlord  
  62  4:33  Zergling x4  
  62  4:34  Zergling x2  
  62  4:35  Drone x3  
  68  4:39  Evolution Chamber  
  68  4:41  Drone  
  68  4:42  Evolution Chamber  
  67  4:46  Overlord  
  67  4:49  Drone x3  
  67  4:51  Extractor  
  67  4:52  Extractor  
  68  4:57  Overlord  
  68  4:59  Drone x4  
  71  5:04  Drone  
  71  5:06  Lair  
  71  5:07  Extractor  
  71  5:09  Zerg Missile Weapons Level 1  
  71  5:17  Drone x2  
  71  5:18  Drone  
  71  5:20  Overlord  
  74  5:22  Drone x3  
  74  5:23  Extractor  
  74  5:24  Extractor  
  74  5:25  Drone  
  74  5:27  Zerg Ground Armor Level 1  
  76  5:30  Drone x2  
  76  5:34  Drone  
  79  5:36  Drone  
  79  5:40  Drone x3  
  83  5:45  Spore Crawler x2  
  81  5:51  Drone x2, Overlord x2  
  81  5:53  Drone x2  
  87  5:59  Roach Warren  
  87  6:01  Overlord  
  86  6:07  Hydralisk Den  
  85  6:11  Hatchery  
  85  6:15  Overseer  
  84  6:20  Drone x2  
  84  6:21  Drone  
  84  6:24  Drone x4  
  91  6:33  Pneumatized Carapace  
  91  6:36  Hydralisk  
  91  6:37  Hydralisk x3, Muscular Augments  
  91  6:38  Infestation Pit  
  95  6:47  Hydralisk x4  
  95  6:50  Hydralisk  
  95  6:53  Hydralisk x2  
  103  7:08  Drone x7  
  103  7:09  Drone  
  103  7:12  Overlord  
  111  7:17  Hive  
  111  7:18  Zerg Missile Weapons Level 2  
  111  7:19  Overseer  
  111  7:20  Hydralisk x3  
  117  7:23  Hydralisk  
  117  7:25  Drone  
  120  7:32  Hydralisk x2  
  124  7:38  Hydralisk x3  
  124  7:40  Spore Crawler, Zergling x2  
  124  7:41  Zergling x2  
  131  7:45  Evolution Chamber  
  126  7:54  Hydralisk x4  
  135  8:06  Hydralisk  
  135  8:08  Overlord x3  
  134  8:15  Overlord  
  134  8:20  Hatchery  
  134  8:21  Zerg Ground Armor Level 2  
  134  8:26  Hydralisk x3  
  135  8:32  Viper  
  142  8:40  Overseer  
  141  8:44  Drone x2  
  141  8:45  Drone x5  
  141  8:47  Zergling x14  
  148  9:00  Drone x2  
  148  9:02  Viper x2  
  149  9:05  Drone x4  
  149  9:06  Drone x5  
  149  9:09  Extractor  
  163  9:11  Extractor  
  162  9:25  Spire  
  161  9:40  Zerg Missile Weapons Level 3  
  161  9:42  Hatchery  
  161  9:43  Overlord  
  160  9:49  Hatchery  
  160  10:02  Viper x2  
  166  10:14  Overlord  
  166  10:15  Overlord x5  
  166  10:26  Overlord x2  
  166  10:27  Overlord x2  
  166  10:39  Hatchery  
  164  10:46  Corruptor x5, Zerg Flyer Armor Level 1  
  173  10:51  Zerg Ground Armor Level 3, Drone  
  173  10:54  Drone x4  
  172  11:06  Drone  
  171  11:13  Drone x3, Spine Crawler  
  171  11:15  Drone, Spine Crawler x2  
  171  11:16  Drone, Spine Crawler x2  
  171  11:17  Spine Crawler, Drone x5  
  175  11:19  Spine Crawler  
  175  11:20  Drone x3  
  177  11:31  Drone x3  
  177  11:32  Spine Crawler  
  179  11:50  Spine Crawler  
  179  11:51  Spine Crawler  
  179  11:53  Spine Crawler  
  177  11:54  Drone x3  
  177  11:55  Spine Crawler  
  177  11:56  Spire  
  177  11:59  Overseer  
  176  12:02  Hydralisk x6  
  187  12:29  Drone x4  
  191  12:30  Drone x5  
  191  12:36  Zerg Melee Weapons Level 1  
  191  12:45  Zergling x2  
  191  12:46  Zergling x16  
  191  12:48  Burrow, Pathogen Glands, Extractor  
  191  12:50  Zerg Flyer Armor Level 2  
  191  12:51  Extractor  
  187  13:26  Hydralisk x7  
  187  13:27  Hydralisk x2  
  181  13:29  Zerg Flyer Weapons Level 1  
  197  13:37  Hydralisk  
  197  13:38  Hydralisk  
  197  13:39  Overlord  
  198  13:45  Neural Parasite, Drone  
  199  13:51  Spore Crawler  
  199  13:52  Evolution Chamber x2  
  199  13:54  Spore Crawler, Evolution Chamber  
  192  14:07  Zergling x2  
  193  14:19  Adrenal Glands  
  193  14:23  Ultralisk Cavern  
  192  14:36  Drone x7  
  199  14:46  Spore Crawler  
  199  14:48  Spore Crawler  
  199  14:49  Overlord  
  199  14:50  Overseer x3  
  197  14:54  Drone  
  197  14:55  Drone x2  
  194  15:03  Spine Crawler  
  181  15:32  Queen  
  181  15:35  Queen x5  
  183  15:39  Greater Spire, Zerg Flyer Armor Level 3  
  187  15:57  Hatchery  
  186  16:08  Queen  
  143  16:19  Hydralisk x5  
  143  16:20  Hydralisk x7  
  143  16:21  Viper x2  
  143  16:22  Corruptor x2  
  143  16:23  Corruptor x5  
  143  16:24  Corruptor  
  143  16:25  Corruptor x2  
  181  16:26  Zergling x4  
  181  16:27  Zergling x4  
  181  16:28  Drone x14  
  197  16:41  Queen  
  197  16:42  Zerg Melee Weapons Level 2  
  195  17:05  Spine Crawler  
  195  17:06  Spine Crawler  
  195  17:07  Spine Crawler  
  192  17:09  Spine Crawler  
  192  17:15  Infestor x3  
  197  17:23  Spine Crawler  
  183  17:54  Hatchery  
  182  18:06  Spine Crawler  
  181  18:13  Hydralisk x8  
  181  18:18  Spore Crawler x2  
  181  18:19  Spore Crawler  
  191  18:42  Zergling x16  
  191  18:46  Extractor x2  
  197  18:53  Zerg Flyer Weapons Level 2  
  187  19:12  Hydralisk x7  
  197  19:25  Extractor x2  
  197  19:27  Evolution Chamber x2  
  197  19:29  Evolution Chamber  
  171  20:08  Drone x9  
  171  20:12  Zerg Melee Weapons Level 3  
  171  20:13  Corruptor  
  180  20:16  Chitinous Plating  
  182  20:31  Zergling x2  
  182  20:32  Zergling x16, Spine Crawler  
  190  20:35  Spine Crawler  
  190  20:36  Spine Crawler  
  190  20:40  Spine Crawler  
  190  20:42  Zergling x20  
  197  20:43  Zergling x6  
  197  20:49  Spore Crawler  
  199  20:50  Spore Crawler  
  199  20:51  Spore Crawler  
  188  21:10  Hydralisk  
  188  21:11  Hydralisk x6  
  152  21:37  Brood Lord x6  
  152  21:39  Infestor x5  
  159  22:21  Viper x4  
  159  22:22  Viper  
  168  22:28  Infestor x6, Brood Lord x3  
  168  22:29  Corruptor  
  186  22:30  Corruptor x6  
  186  22:32  Zerg Flyer Weapons Level 3  
  186  22:37  Extractor  
  199  22:38  Extractor  
  198  23:02  Spore Crawler  
  198  23:03  Spore Crawler x2  
  181  24:09  Infestor x5  
  177  24:10  Infestor x7  
  177  24:13  Corruptor x3  
  177  24:14  Corruptor  
  172  24:31  Corruptor  
  159  24:47  Corruptor x3  
  159  24:48  Corruptor x4  
  159  24:51  Brood Lord x4  
  181  24:56  Brood Lord x3  
  181  25:05  Spore Crawler, Brood Lord  
  178  25:07  Spore Crawler  
  178  25:08  Spore Crawler  
  172  25:17  Corruptor  
  172  25:18  Corruptor x9  
  174  25:27  Corruptor x6  
  169  25:33  Corruptor x9  
  135  26:26  Zergling x12  
  135  26:27  Zergling x26  
  135  26:28  Queen  
  135  26:29  Queen x6  
  135  26:31  Brood Lord  
  135  26:32  Brood Lord x8  
  178  26:36  Hatchery  
  178  26:38  Brood Lord  
  178  26:40  Zergling x10  
  178  26:41  Zergling x4  
  179  26:59  Brood Lord x2  
  179  27:00  Zergling x14  
  179  27:01  Zergling x14  
  193  27:04  Queen x2  
  197  27:21  Zergling x2  
  197  27:22  Zergling x26  
  190  27:31  Corruptor  
  190  27:32  Corruptor x3  
  190  27:35  Extractor, Zergling x4  
  199  27:37  Extractor  
  197  27:56  Spore Crawler x2  
  197  27:58  Zergling x8  
  104  29:12  Ultralisk x9  
  152  29:22  Queen  
  145  29:32  Zergling x28  
  145  29:33  Zergling x10  
  151  29:53  Zergling x2  
  151  29:54  Zergling x20  
  135  30:16  Zergling x16  
  135  30:17  Zergling x2  
  112  30:27  Zergling x4  
  98  30:57  Infestor x5  
  98  30:58  Infestor  
  102  31:33  Zergling x2  
  102  31:34  Zergling x2  
  102  31:39  Overlord  
  98  31:40  Overseer  
  91  32:03  Hatchery  
  88  32:15  Zergling x4  
  88  32:16  Zergling x2  
  88  32:21  Drone x3  
  78  32:51  Ultralisk x2  
  78  32:52  Ultralisk  
  96  33:14  Zergling x4  
  96  33:18  Drone x7  
  104  33:29  Spore Crawler  
  104  33:31  Spore Crawler  
  101  33:35  Zergling x2  
  101  33:40  Drone  
  101  33:41  Drone x5  
  107  33:55  Drone x6  
  113  34:00  Zergling x4  
  113  34:01  Zergling x2  
  116  34:05  Drone x2  
  113  34:24  Spore Crawler  
  113  34:25  Drone x9  
  119  34:38  Spore Crawler  
Tags
 
Add a new tag
Caveats
  • Supply blocks, unpowered buildings, or Contaminate may cause inaccurate times.
  • Supply counts are checked every 10 seconds.